 Dungeon Crawl Stone Soup version 0.19.1 (webtiles) character file.

36 M4edhros the Cudgeler (level 3, -5/26 HPs)
             Began as an Octopode Chaos Knight on Dec 26, 2016.
             Killed from afar by Sigmund (9 damage)
             ... with a magic dart
             ... on level 2 of the Dungeon.
             The game lasted 00:01:16 (3270 turns).

M4edhros the Cudgeler (Octopode Chaos Knight)       Turns: 3270, Time: 00:01:16

Health: -5/26      AC:  1    Str: 11    XL:     3   Next: 37%
Magic:  3/3        EV: 13    Int: 14    God:    Xom [.*....]
Gold:   60         SH:  0    Dex: 12    Spells: 0 memorised, 2 levels left

rFire  . . .     SeeInvis .     a - +0 mace (chaos)
rCold  . . .     Gourm    .     (no shield)
rNeg   . . .     Faith    .     (helmet restricted)
rPois  .         Spirit   .     (no amulet)
rElec  .         Reflect  .     (no ring)
rCorr  .         Harm     .     (no ring)
MR     .....                    (no ring)
Stlth  ++........               (no ring)
                                (no ring)
                                (no ring)
                                (no ring)
                                (no ring)

@: no status effects
A: almost no armour, stealthy swim, amphibious, 8 rings, constrict 8, camouflage
1, gelatinous body 1
a: Renounce Religion


You were on level 2 of the Dungeon.
You worshipped Xom.
You were a plaything of Xom.
You were not hungry.

You visited 1 branch of the dungeon, and saw 2 of its levels.

You collected 60 gold pieces.

Inventory:

Hand Weapons
 a - a +0 mace of chaos (weapon)
 h - a +0 falchion
Scrolls
 c - a scroll of enchant armour {unknown}
 d - 4 scrolls of identify {unknown}
 e - 2 scrolls of fog {unknown}
 g - a scroll of remove curse {unknown}
Potions
 j - a potion of heal wounds {unknown}
Comestibles
 b - a bread ration
 f - a meat ration
 i - a chunk of flesh


   Skills:
 - Level 3.0 Fighting
 + Level 4.3 Maces & Flails
 - Level 2.3 Dodging


You had 2 spell levels left.
You didn't know any spells.

Dungeon Overview and Level Annotations

Branches:
Dungeon (2/15)

Altars:

Annotations:
D:2 Sigmund


Innate Abilities, Weirdness & Mutations

You cannot wear most types of armour.
You are very stealthy in the water. (Stealth+)
You are amphibious.
You can wear up to eight rings at the same time.
You can use your tentacles to constrict eight enemies at once.
Your skin changes colour to match your surroundings (Stealth+).
Your rubbery body absorbs attacks. (AC +1, EV +1)


Message History

i - a chunk of flesh
j - an emerald potion You start resting.
Your goblin zombie appears confused. x2
Xom's power touches on you for a moment.
Waves of light ripple over your body.
You start resting.
Something hits your goblin zombie!
Your goblin zombie is destroyed!
You start resting.
You hear some strange, mumbled words.
Deactivating autopickup; reactivate with Ctrl-A.
Something tries to affect you, but you resist.
Something hits you.
You closely miss something. You squeeze something. Something hits you.
* * * LOW HITPOINT WARNING * * *
You hit something. You squeeze something.
You hear some strange, mumbled words.
A magic dart appears from out of thin air!
The magic dart hits you!
You die...

.................##..####.#
..........).###..##.+####.#
..(......)..#...........#..
............#...........###
............+...........+
.....)......#...........#
............##............
............##.......######
.........{@.##........ ....
............##....#..##....
############# .... .... ..


There were no monsters in sight!

Vanquished Creatures
  An ooze (D:1)
  2 leopard geckos (D:1)
  5 giant cockroaches
  2 goblins
  5 hobgoblins
  4 jackals (D:1)
  3 kobolds
  A quokka (D:2)
  2 bats (D:2)
  4 frilled lizards
  3 rats (D:1)
32 creatures vanquished.

Notes
Turn   | Place    | Note
-------+----------+-------------------------------------------
     0 | D:1      | M4edhros the Octopode Chaos Knight began the quest for the Orb.
     0 | D:1      | Reached XP level 1. HP: 16/16 MP: 1/1
   950 | D:1      | Reached XP level 2. HP: 21/21 MP: 2/2
  1549 | D:1      | XOM is BORED!
  1549 | D:1      | XOM: mild Summ miscast
  1671 | D:1      | XOM: harmless Erth miscast
  1818 | D:1      | XOM: divination: detect creatures
  1969 | D:1      | Reached skill level 4 in Maces & Flails
  2005 | D:1      | Reached XP level 3. HP: 22/26 MP: 3/3
  2053 | D:1      | XOM: divination: detect creatures
  2113 | D:1      | XOM: god gift: falchion {god gift}
  2151 | D:1      | XOM: harmless Ice miscast
  2257 | D:1      | XOM: cloud trail
  2465 | D:1      | XOM: mild Summ miscast
  2594 | D:1      | XOM: harmless Pois miscast
  3143 | D:2      | XOM: mild Tmut miscast
  3216 | D:2      | XOM: enchant monster (bad)
  3258 | D:2      | XOM: harmless Tmut miscast
  3270 | D:2      | Killed from afar by Sigmund

Skill      XL: |  1  2 |
---------------+-------+-----
Maces & Flails | 4 |  4.3
Fighting       | |  3.0
Dodging        | |  2.3

Action                   || total
-------------------------++-------
Melee: Mace              ||    59
       Constrict         ||    10
       Tentacles         ||     7
  Use: Potion            ||     1
 Stab: Sleeping          ||     1
  Eat: Chunk             ||     7
Armor: Skin              ||    15
Dodge: Dodged            ||    64
